 Dungeon Crawl Stone Soup version 0.19.5 (console) character file.

176 Grinner the Ruffian (level 5, -3/46 HPs)
             Began as a Troll Transmuter on Mar 4, 2017.
             Killed by nerve-wracking pain
             ... invoked by Grinder
              (14 damage)
             ... while paralysed by Grinder
             ... on level 3 of the Dungeon.
             The game lasted 00:04:17 (1839 turns).

Grinner the Ruffian (Troll Transmuter)              Turns: 1839, Time: 00:04:18

Health: -3/46      AC:  5    Str: 16 (18) XL:     5   Next: 30%
Magic:  5/5        EV:  1    Int:  7 (9)  God:
Gold:   99         SH:  0    Dex:  8 (11) Spells: 1 memorised, 5 levels left

rFire  + . .     SeeInvis .       - Unarmed
rCold  + . .     Gourm    +     b - +0 robe
rNeg   . . .     Faith    .     (no shield)
rPois  +         Spirit   .     (helmet restricted)
rElec  +         Reflect  .     (no cloak)
rCorr  +         Harm     .     (gloves unavailable)
MR     .....                    (boots unavailable)
Stlth  +.........               (no amulet)
                                (no ring)
                                (no ring)

@: paralysed, exhausted, resistant, slowed
A: unfitting armour, claws 3, fast metabolism 3, gourmand, regeneration 1,
shaggy fur 1, tough skin 2
a: no special abilities


You were on level 3 of the Dungeon.
You were full.

You visited 1 branch of the dungeon, and saw 3 of its levels.

You collected 99 gold pieces.

Inventory:

Missiles
 a - 77 arrows
Armour
 b - a +0 robe (worn)
Scrolls
 e - a scroll of random uselessness {unknown}
 g - 4 scrolls of identify {unknown}
Potions
 f - a potion of magic
 i - 2 potions of resistance
Books
 c - a book of Changes

   Spells                             Type                      Level
   a - Beastly Appendage              Transmutation                1
   b - Sticks to Snakes               Transmutation                2
   c - Spider Form                    Transmutation/Poison         3
   d - Ice Form                       Ice/Transmutation            4
   e - Blade Hands                    Transmutation                5
Comestibles
 d - 3 bread rations
 h - 2 meat rations
 m - 4 fruits


   Skills:
 - Level 0.7 Fighting
 + Level 2.9 Dodging
 + Level 4.3 Unarmed Combat
 - Level 1.2 Spellcasting
 + Level 2.5 Transmutations


You had 5 spell levels left.
You knew the following spells:

 Your Spells              Type           Power        Failure   Level  Hunger
z - Beastly Appendage     Tmut           #.....       17%         1    ##.....


Dungeon Overview and Level Annotations

Branches:
Dungeon (3/15)

Altars:
Fedhas
Hepliaklqana
Uskayaw

Annotations:
D:3 Grinder


Innate Abilities, Weirdness & Mutations

You are too large for most types of armour.
You have claws for hands.
Your metabolism is lightning-fast.
You like to eat raw meat.
Your natural rate of healing is unusually fast.
You are covered in fur. (AC +1)
You have very tough skin. (AC +2)


Message History

Grinder gestures at you. You resist with significant effort.
Okay, then.
Okay, then.
You closely miss Grinder.
Grinder is heavily wounded.
Grinder gestures at you.
You suddenly lose the ability to move!
Grinder gestures at you. You resist with significant effort.
Grinder hits you but does no damage. Grinder hits you.
You writhe in agony.
Grinder hits you!
* * * LOW HITPOINT WARNING * * *
You writhe in agony.
* * * LOW HITPOINT WARNING * * *
Grinder hits you but does no damage. Grinder gestures at you.
Pain shoots through your body!
You die...

...........#
...........#
...).......#.#
...........#.# #.#
.......)...#.# #.#
...........#.# #.#
.........###)# #.#
###.._8_.# #.# #.#
#.....@# #.# #.#
##....5###.####.#
#####..........#####.#
###########......#
#..#.######
######..#.#
#.......#.#
#.#####.#.#
#.#..<#.#.#


You could see Grinder.

Vanquished Creatures
  An ogre (D:3)
  Jessica (D:2)
  An adder (D:2)
  A worm (D:2)
  A dart slug (D:2)
  A leopard gecko (D:2)
  A ball python (D:1)
  5 bats (D:1)
  2 giant cockroaches
  8 goblins
  4 hobgoblins (D:2)
  4 jackals (D:3)
  2 quokkas (D:2)
  4 frilled lizards
  6 kobolds
  4 rats
46 creatures vanquished.

Notes
Turn   | Place    | Note
-------+----------+-------------------------------------------
     0 | D:1      | Grinner the Troll Transmuter began the quest for the Orb.
     0 | D:1      | Reached XP level 1. HP: 18/18 MP: 1/1
   269 | D:1      | Reached XP level 2. HP: 20/26 MP: 2/2
   848 | D:2      | Noticed Jessica
   855 | D:2      | Killed Jessica
   855 | D:2      | Reached XP level 3. HP: 32/32 MP: 3/3
  1160 | D:2      | Found a hazy altar of Hepliaklqana.
  1242 | D:2      | Reached XP level 4. HP: 40/40 MP: 4/4
  1755 | D:3      | Found a hide-covered altar of Uskayaw.
  1756 | D:3      | Found a blossoming altar of Fedhas.
  1758 | D:3      | Noticed an ogre
  1767 | D:3      | Killed an ogre
  1767 | D:3      | Reached skill level 4 in Unarmed Combat
  1767 | D:3      | Reached XP level 5. HP: 15/46 MP: 5/5
  1812 | D:3      | Noticed Grinder
  1818 | D:3      | Paralysed by Grinder for 5 turns
  1834 | D:3      | Paralysed by Grinder for 7 turns
  1839 | D:3      | Killed from afar by Grinder

Skill      XL: |  1  2  3  4 |
---------------+-------------+-----
Dodging        | 2 |  2.9
Transmutations | 2 |  2.5
Unarmed Combat | 4 |  4.3
Fighting       | |  0.7
Spellcasting   | |  1.2

Action                   |  1- 3 |  4- 6 || total
-------------------------+-------+-------++-------
Melee: Unarmed           |    73 |    57 ||   130
       Punch             |       |     1 ||     1
  Use: Potion            |       |     5 ||     5
 Stab: Sleeping          |       |     1 ||     1
  Eat: Chunk             |    11 |     8 ||    19
Armor: Robe              |    24 |    21 ||    45
Dodge: Dodged            |    30 |    29 ||    59
